Map: Equilibrium LE

Players

Manssquito - Winner!

  • Race: Terran Terran
  • League: Diamond
  • Spawn Location: 1:00

SubN

  • Race: Zerg Zerg
  • League: Diamond
  • Spawn Location: 11:00

VOD

Have the link to the VOD?

Description

Time

  • Played on: Dec. 22, 2023, 5:29 p.m.
  • Length: 19:34
Show
View Real Time Build Order
Export as new Build Order

Manssquito Terran - Winner!

Build Orders:  

Get SALT Encoding   

  12  0:00  SCV  
  13  0:12  SCV  
  14  0:17  Supply Depot  
  14  0:24  SCV  
  15  0:39  SCV  
  16  0:43  Barracks  
  16  0:45  Refinery  
  16  0:51  SCV  
  17  1:00  Barracks  
  17  1:03  SCV  
  18  1:16  SCV  
  19  1:30  Orbital Command  
  19  1:31  Barracks Reactor  
  19  1:38  Barracks  
  19  1:45  Supply Depot  
  19  1:48  Marine  
  20  1:55  SCV  
  21  2:06  Barracks Tech Lab  
  21  2:07  Marine  
  21  2:08  Marine, SCV  
  24  2:20  SCV  
  25  2:23  Supply Depot  
  25  2:25  Marine x2  
  25  2:28  Marine, Barracks Tech Lab  
  28  2:32  SCV  
  28  2:34  Stimpack  
  29  2:43  Marine x2  
  31  2:45  SCV  
  31  2:46  Marine  
  33  3:02  Marine x3  
  33  3:03  SCV  
  37  3:06  Marine, Combat Shield  
  37  3:10  Supply Depot  
  38  3:19  SCV  
  39  3:32  Marine x4, SCV  
  39  3:33  Supply Depot  
  44  3:49  Marine x3  
  44  3:54  Marine  
  48  3:59  Command Center  
  48  4:07  Refinery  
  48  4:08  Marine  
  49  4:10  Factory  
  49  4:15  Marine x3  
  52  4:17  SCV  
  53  4:28  Supply Depot  
  53  4:29  Marine  
  54  4:32  SCV  
  55  4:41  Supply Depot  
  55  4:49  Marine x3  
  55  4:52  Marine, SCV  
  60  5:05  SCV  
  61  5:07  Marine x3  
  61  5:09  Marine  
  65  5:25  Factory Reactor, Marine x3  
  68  5:31  Starport  
  68  5:34  Marine  
  68  5:35  Barracks  
  69  5:36  Barracks  
  69  5:37  SCV  
  69  5:42  Marine x2, Concussive Shells  
  70  5:45  Marauder  
  74  5:54  Orbital Command  
  74  6:00  Marine  
  74  6:02  SCV  
  76  6:12  Marine x2  
  78  6:28  Marine x2  
  78  6:29  SCV  
  78  6:30  SCV  
  78  6:31  Medivac x2  
  78  6:32  Factory Tech Lab  
  86  6:35  Barracks Tech Lab  
  86  6:41  Engineering Bay  
  86  6:44  Engineering Bay  
  86  6:51  Command Center  
  86  6:55  Refinery, Barracks Reactor  
  86  7:14  Supply Depot  
  86  7:16  Terran Infantry Weapons Level 1  
  86  7:17  Marine x4, Medivac x2  
  94  7:35  Marine x3, SCV x2  
  94  7:36  Marauder  
  101  7:50  Refinery, Supply Depot  
  101  7:51  Supply Depot  
  101  7:53  Marine  
  102  8:03  Siege Tank  
  105  8:12  Marauder x2, Marine x2  
  111  8:13  Marauder  
  113  8:33  Marauder  
  110  8:35  Siege Tank  
  93  8:42  Marine x2  
  93  8:43  Marauder x2  
  88  9:00  Marine x2  
  79  9:08  Marine x2  
  79  9:09  Marauder x2  
  79  9:17  Medivac  
  82  9:18  Terran Infantry Armor Level 1  
  82  9:19  Marauder, Marine x2  
  82  9:20  Siege Tank  
  91  9:30  Marauder  
  85  9:45  Marauder x2, Marine x4  
  90  9:48  Orbital Command  
  90  9:52  Marauder, Siege Tank  
  98  10:03  Marine x4  
  98  10:05  SCV  
  98  10:06  Marauder  
  107  10:07  Marauder  
  107  10:10  Armory  
  107  10:13  Marine  
  108  10:21  Marine x2  
  109  10:23  SCV x3  
  113  10:29  Supply Depot  
  113  10:36  Marine x3  
  113  10:40  Marine x2  
  118  11:04  Marine x3  
  118  11:05  Marauder x2  
  118  11:09  SCV x2  
  127  11:15  Marine  
  127  11:16  Marine  
  129  11:26  Marine x2  
  129  11:27  Siege Tank, Medivac x2  
  125  11:50  Marine x3  
  125  11:51  Marauder x2  
  114  12:09  Marine x3  
  114  12:10  Terran Infantry Weapons Level 2  
  114  12:11  Terran Infantry Armor Level 2  
  114  12:14  Siege Tank  
  114  12:15  Marauder, Refinery, Marine x2  
  124  12:16  Marauder  
  124  12:19  Refinery  
  126  12:27  Marine x3  
  129  12:34  Command Center  
  129  12:47  Siege Tank  
  129  12:48  Medivac x2  
  129  12:49  Marine x2  
  138  12:58  Marine  
  138  12:59  Marine x2  
  138  13:01  Marauder  
  138  13:02  Marauder  
  114  13:19  Siege Tank  
  102  13:28  Orbital Command  
  100  13:41  SCV x2  
  100  13:42  Marine x3  
  100  13:43  Marauder x2  
  100  13:46  Terran Vehicle Weapons Level 1  
  109  13:51  Siege Tank  
  109  13:53  SCV  
  113  14:00  Marauder  
  115  14:04  Marauder x2  
  115  14:07  Marine x2  
  121  14:20  Marine x2  
  121  14:21  Marauder  
  121  14:23  Siege Tank  
  116  14:26  Marauder  
  106  14:34  Marine x3  
  106  14:35  Medivac  
  106  14:36  Medivac  
  106  14:38  Marine x2  
  99  14:42  Marine  
  101  14:48  SCV x2  
  101  14:49  SCV  
  104  14:55  Marine, Siege Tank  
  108  15:04  Marine  
  109  15:24  Planetary Fortress  
  109  15:26  Marine x4  
  109  15:27  Refinery, Marine x2, Siege Tank  
  109  15:28  SCV x3  
  121  15:29  Refinery  
  121  15:35  Marine  
  121  15:40  SCV x3  
  110  15:44  Marine x2  
  90  15:52  SCV x2  
  76  15:58  Marine x3  
  76  15:59  Marine x2, Siege Tank  
  75  16:15  Marine x2  
  75  16:16  Marine x2  
  75  16:17  Marauder x2  
  83  16:21  Marine  
  84  16:31  Siege Tank  
  87  16:33  Marine x2, Factory  
  87  16:34  Marine x2  
  87  16:35  SCV, Medivac  
  87  16:36  SCV  
  95  16:41  Marine  
  95  16:42  Marine  
  95  16:44  Marauder  
  95  16:45  SCV  
  100  16:48  SCV  
  101  17:00  Marauder x2  
  99  17:03  Siege Tank  
  98  17:11  Marine  
  98  17:12  Marine x3  
  98  17:13  SCV x3  
  105  17:17  Marine  
  105  17:19  Factory Tech Lab  
  105  17:20  Medivac  
  105  17:21  Marine  
  109  17:25  SCV x2  
  111  17:33  Marine x3  
  111  17:35  Siege Tank  
  117  17:38  SCV x3  
  120  17:46  Marine x3  
  120  17:47  Marauder, SCV  
  120  17:51  Marine  
  127  17:52  SCV  
  127  17:55  SCV x2  
  130  18:07  Command Center  
  130  18:13  Siege Tank x2  
  130  18:14  Marine x3  
  130  18:16  Marauder x2  
  130  18:17  Marauder  
  121  18:41  Marauder x3, Marine x2  
  127  18:42  Command Center  
  97  18:58  Marine x2  
  97  18:59  Marine  
  97  19:02  Marauder x2  
  99  19:19  SCV x3  
Show
View Real Time Build Order
Export as new Build Order

SubN Zerg 

Build Orders: Hatch First, Zergling Baneling 

Get SALT Encoding   

  12  0:00  Drone  
  13  0:12  Overlord  
  13  0:17  Drone  
  14  0:30  Drone x2  
  16  0:50  Hatchery  
  16  0:51  Drone  
  16  0:56  Drone  
  17  1:00  Drone  
  18  1:05  Extractor  
  17  1:15  Spawning Pool  
  17  1:18  Drone  
  17  1:22  Drone  
  18  1:33  Drone  
  18  1:38  Drone  
  20  1:49  Overlord  
  20  2:02  Queen x2  
  20  2:05  Drone x2  
  26  2:10  Drone  
  26  2:13  Drone  
  28  2:19  Metabolic Boost  
  28  2:21  Drone  
  29  2:25  Drone  
  30  2:41  Queen  
  32  2:50  Drone x4  
  36  2:53  Baneling Nest  
  35  2:58  Drone  
  35  3:02  Overlord  
  36  3:06  Overlord  
  36  3:11  Overlord x2  
  36  3:24  Drone x2, Queen  
  36  3:25  Drone x2  
  42  3:32  Overlord  
  42  3:44  Drone x4  
  46  3:49  Spore Crawler  
  46  3:50  Spore Crawler  
  46  3:51  Spore Crawler  
  46  3:53  Drone x2  
  46  3:54  Spore Crawler  
  44  4:00  Extractor  
  44  4:01  Extractor  
  42  4:06  Queen  
  42  4:09  Drone x5  
  50  4:10  Drone  
  50  4:12  Hatchery  
  49  4:21  Zergling x4  
  52  4:24  Zergling x2  
  53  4:31  Zergling x8  
  53  4:32  Zergling x4  
  53  4:37  Zergling x2  
  59  4:39  Baneling  
  59  4:40  Zergling x2, Baneling  
  59  4:42  Baneling x2  
  60  4:46  Baneling x2  
  60  4:47  Overlord  
  60  4:51  Baneling x5  
  60  4:52  Overlord  
  57  5:05  Zergling x4  
  58  5:18  Zergling x12  
  58  5:21  Lair  
  64  5:30  Overlord x2  
  64  5:45  Queen  
  64  5:46  Drone x4  
  64  5:49  Drone  
  71  5:53  Extractor  
  71  5:54  Drone x3  
  71  5:55  Drone  
  71  5:56  Drone  
  75  6:05  Overlord  
  75  6:07  Overlord  
  75  6:09  Overlord x2  
  75  6:13  Drone  
  76  6:20  Drone x2  
  76  6:22  Queen  
  80  6:27  Overlord x2  
  80  6:31  Drone x4  
  84  6:33  Extractor  
  84  6:35  Drone, Extractor  
  84  6:39  Centrifugal Hooks  
  83  6:40  Drone  
  83  6:42  Drone x2  
  83  6:45  Drone x2  
  88  6:50  Zergling x2  
  89  6:56  Drone  
  89  6:57  Drone x4  
  89  6:58  Drone x4  
  98  7:07  Drone  
  99  7:12  Hydralisk Den  
  99  7:13  Drone  
  99  7:17  Hatchery  
  99  7:19  Drone x2  
  100  7:39  Zergling x2  
  101  7:47  Drone x13  
  101  7:48  Spore Crawler  
  101  7:51  Queen  
  113  7:56  Evolution Chamber  
  114  7:59  Drone  
  114  8:00  Drone x5  
  114  8:03  Baneling x7  
  114  8:04  Baneling x3  
  118  8:05  Overlord  
  118  8:10  Hydralisk x4  
  126  8:14  Muscular Augments  
  126  8:18  Hydralisk  
  126  8:19  Hydralisk, Evolution Chamber  
  129  8:22  Zerg Missile Weapons Level 1  
  117  8:45  Zergling x2  
  117  8:46  Zergling x24  
  121  8:55  Drone x5  
  107  9:09  Hydralisk x2  
  102  9:10  Hydralisk x5  
  102  9:11  Hydralisk  
  102  9:12  Queen  
  102  9:15  Drone  
  102  9:16  Extractor  
  102  9:17  Extractor  
  118  9:18  Grooved Spines  
  118  9:21  Drone  
  118  9:22  Drone x2  
  121  9:27  Extractor  
  117  9:40  Zergling x10  
  117  9:41  Zergling x8  
  117  9:44  Zerg Melee Weapons Level 1  
  117  9:45  Queen  
  126  9:46  Drone x2  
  128  9:58  Drone  
  128  9:59  Drone  
  130  10:00  Drone x3  
  130  10:01  Hatchery  
  130  10:05  Drone  
  133  10:13  Zergling x2  
  134  10:15  Zergling x2  
  134  10:17  Zerg Ground Armor Level 1  
  134  10:19  Zergling x2  
  134  10:20  Zergling x14  
  143  10:21  Infestation Pit  
  143  10:26  Baneling x9  
  143  10:27  Baneling x8  
  142  10:33  Overlord  
  142  10:44  Baneling  
  142  10:45  Baneling x9  
  142  10:50  Overlord x4  
  142  10:51  Overlord x2  
  142  10:52  Overseer x2  
  142  10:53  Overseer  
  142  11:02  Overlord x3  
  142  11:12  Queen  
  142  11:13  Queen x2  
  142  11:14  Queen  
  131  12:05  Infestor x5  
  141  12:13  Zergling x32  
  141  12:14  Zergling x18  
  165  12:18  Queen  
  167  12:24  Drone  
  168  12:50  Spore Crawler  
  166  12:58  Zergling x6  
  166  12:59  Zergling x4  
  122  13:27  Spore Crawler  
  122  13:28  Spore Crawler  
  122  13:30  Queen x3  
  126  13:34  Hydralisk  
  126  13:35  Hydralisk x17  
  162  13:46  Neural Parasite  
  159  14:01  Zergling x2  
  159  14:02  Zergling x34  
  170  14:03  Zergling x14  
  156  14:38  Drone x3  
  156  14:40  Drone x2, Spore Crawler x2  
  156  14:41  Drone  
  159  14:56  Zergling x4  
  159  14:57  Zergling x8  
  165  15:01  Hatchery, Extractor  
  165  15:05  Extractor  
  162  15:07  Hydralisk x4  
  162  15:09  Overlord x5  
  162  15:13  Baneling x9  
  170  15:14  Baneling  
  170  15:15  Baneling x6  
  170  15:16  Baneling x3  
  170  15:31  Hatchery  
  170  15:32  Extractor  
  170  15:33  Extractor  
  109  16:10  Hydralisk x13  
  109  16:11  Hydralisk x5  
  125  16:13  Zergling x2  
  125  16:14  Zergling x16  
  142  16:20  Queen  
  144  16:28  Spore Crawler  
  144  16:30  Drone x2  
  144  16:31  Drone x3  
  148  16:36  Hive  
  148  16:37  Zerg Ground Armor Level 2  
  148  16:38  Zerg Melee Weapons Level 2  
  148  16:43  Zergling x12  
  148  16:44  Zergling x8  
  148  16:45  Baneling  
  148  16:46  Baneling x15  
  158  16:55  Spore Crawler  
  158  16:56  Spore Crawler  
  155  17:05  Drone x4  
  159  17:17  Drone x2  
  159  17:18  Drone  
  159  17:20  Queen  
  164  17:26  Hatchery  
  163  17:31  Unknown, Spore Crawler  
  163  17:32  Spore Crawler  
  163  17:33  Spore Crawler  
  163  17:34  Spore Crawler  
  158  17:50  Overlord  
  158  17:55  Adrenal Glands  
  158  18:11  Zergling x6  
  158  18:12  Zergling x44  
  181  18:14  Ultralisk Cavern  
  166  18:28  Zergling x2  
  166  18:29  Zergling x34  
  166  18:30  Zergling x24  
  196  18:39  Queen  
  150  18:59  Baneling  
  150  19:00  Baneling x7  
  135  19:07  Hydralisk, Baneling x4  
  135  19:08  Baneling x2  
  196  19:27  Hatchery  
  196  19:30  Extractor  
Tags
 
Add a new tag
Caveats
  • Supply blocks, unpowered buildings, or Contaminate may cause inaccurate times.
  • Supply counts are checked every 10 seconds.